 Dungeon Crawl Stone Soup version 0.28-a0-863-g8cecda6153 (webtiles) character file.

Game seed: 8701895880094345326

13 kklluuttzz the Digger (level 2, 0/19 HPs)
             Began as a Formicid Earth Elementalist on Nov 18, 2021.
             Slain by a quokka (2 damage)
             ... on level 1 of the Dungeon on Nov 19, 2021.
             The game lasted 00:02:17 (587 turns).

kklluuttzz the Digger (Formicid Earth Elementalist)  Turns: 587, Time: 00:02:18

Health: 0/19       AC:  1    Str: 12    XL:     2   Next: 50%
Magic:  1/5        EV: 12    Int: 14    God:
Gold:   22         SH:  0    Dex: 11    Spells: 2/5 levels left

rFire   . . .      SeeInvis +   (no weapon)
rCold   . . .      Faith    .   (no shield)
rNeg    . . .      Spirit   .   b - +0 robe
rPois   .          Reflect  .   (helmet unavailable)
rElec   .          Harm     .   (no cloak)
rCorr   .          Rampage  .   (no gloves)
Will    .....                   (no boots)
Stlth   ++........              (no amulet)
HPRegen 0.06/turn               (no ring)
MPRegen 0.09/turn               (no ring)

@: no status effects
A: permanent stasis, dig shafts and tunnels, antennae 3, four strong arms, claws
1, deformed body, screaming 1
a: Dig, Shaft Self


You were on level 1 of the Dungeon.
You visited 1 branch of the dungeon, and saw 1 of its levels.

You collected 22 gold pieces.

Inventory:

Missiles
 c - 14 stones
Armour
 b - a +0 robe (worn)
Scrolls
 d - a scroll of identify {unknown}
 e - 2 scrolls of teleportation {unknown}
 f - a scroll of immolation {unknown}
Potions
 a - a potion of curing


   Skills:
 - Level 1.7 Dodging
 - Level 2.4 Stealth
 - Level 2.1 Spellcasting
 - Level 1.1 Transmutations
 + Level 4.5 Earth Magic


You had 2 spell levels left.
You knew the following spells:

 Your Spells              Type           Power      Damage    Failure   Level
a - Sandblast             Erth           28%        2d8       3%          1
w - Passwall              Tmut/Erth      7%         N/A       11%         2

Your spell library contained the following spells:

 Spells                   Type           Power      Damage    Failure   Level
 Stone Arrow              Conj/Erth      14%        3d7       28%         3
 Petrify                  Tmut/Erth      9%         N/A       58%         4


Dungeon Overview and Level Annotations

Branches:
Dungeon (1/15)

Altars:


Innate Abilities, Weirdness & Mutations

You cannot be hasted, slowed, berserked, paralysed or teleported.
You can dig through walls and to a lower floor.
You have a pair of large antennae on your head. (SInv)
Your four strong arms can wield two-handed weapons with a shield.
You have sharp fingernails.
Armour fits poorly on your strangely shaped body.
You occasionally shout uncontrollably at your foes.


Message History

Press: ? - help, Shift-Dir - straight line, f - ball python
Aim: a ball python (77% to hit)
The blast of sand misses the ball python.
The ball python barely misses you. The ball python closely misses you.
The ball python bites you.
* * * LOW HITPOINT WARNING * * *
The ball python grabs you. The ball python constricts you.
You escape the ball python's grasp.
It was a potion of curing.
You feel better. The ball python bites you. The ball python closely misses you.
It was a potion of mutation.
You feel extremely strange.
Your fingernails lengthen.
Your body twists and deforms.
You feel the urge to shout. The ball python closely misses you.
The ball python barely misses you.
You scratch the ball python.
You kill the ball python!
You barely miss the quokka. The quokka closely misses you.
You barely miss the quokka. The quokka closely misses you.
You barely miss the quokka. The quokka bites you. The quokka barely misses you.
You closely miss the quokka. The quokka bites you.
You barely miss the quokka. The quokka closely misses you.
You completely miss the quokka. The quokka barely misses you.
Unknown command.
Unknown command.
Casting: Sandblast (safe; 3% risk of failure)
Confirm with . or Enter, or press ? or * to list all spells.
Okay, then.
You extend your mandibles.
You dig through the rock wall.
The quokka bites you.
* * * LOW HITPOINT WARNING * * *
You retract your mandibles.
Casting: Sandblast (safe; 3% risk of failure)
Confirm with . or Enter, or press ? or * to list all spells.
Aiming: Sandblast (safe; 3% risk of failure)
Press: ? - help, Shift-Dir - straight line, f - quokka
Aim: a quokka (71% to hit)
The blast of sand hits the quokka.
The quokka is severely wounded.
The quokka bites you.
You die...

# ####. . ..>
########## # #...
#......@.#
####..####.....##r#
..##....##......#l#
#..##.........##..#
##.##.#.##....#.#.#
#....#..#.##.#.#.#
##...)r.....#l..#.#
.......##########.#
###....+ ..#


You could see a quokka and a frilled lizard.

Vanquished Creatures
  2 endoplasms (D:1)
  2 goblins (D:1)
  3 jackals (D:1)
  2 kobolds (D:1)
  A ball python (D:1)
10 creatures vanquished.

Notes
Turn   | Place    | Note
-------+----------+-------------------------------------------
     0 | D:1      | kklluuttzz the Formicid Earth Elementalist began the quest
                  | for the Orb.
     0 | D:1      | Reached XP level 1. HP: 13/13 MP: 3/3
    78 | D:1      | Reached skill level 4 in Earth Magic
   276 | D:1      | Reached XP level 2. HP: 7/19 MP: 0/5
   515 | D:1      | Learned a level 2 spell: Passwall
   574 | D:1      | Gained mutation: You have sharp fingernails. [potion of
                  | mutation]
   574 | D:1      | Gained mutation: Armour fits poorly on your strangely
                  | shaped body. [potion of mutation]
   574 | D:1      | Gained mutation: You occasionally shout uncontrollably at
                  | your foes. [potion of mutation]
   587 | D:1      | Slain by a quokka

Illustrated notes

Levels and vault maps discovered:
D:1:      dpeg_arrival_brainrot, layout_basic

Skill      XL: |  1 |
---------------+----+-----
Earth Magic    | 4 |  4.5
Dodging        | |  1.7
Stealth        | |  2.4
Spellcasting   | |  2.1
Transmutations | |  1.1

Action                   || total
-------------------------++-------
Melee: Unarmed           ||    27
 Cast: Sandblast         ||    16
       Passwall          ||     1
 Abil: Dig               ||     1
  Use: Potion            ||     2
Armor: Robe              ||     4
Dodge: Dodged            ||    31

Table legend: (Time is in decaauts)
 A = Elapsed time spent in this place.
 B = Non-inter-level travel time spent in this place.
 C = Inter-level travel time spent in this place.
 D = Time resting spent in this place.
 E = Time spent auto-exploring this place.
 F = Levels seen in this place.
 G = Mean time per level.
                   A        B        C        D        E       F      G
               +--------+--------+--------+--------+--------+-----+--------+
         Total |    587 |    585 |      2 |    152 |    307 |   1 |  587.0 |
       Dungeon |    587 |    585 |      2 |    152 |    307 |   1 |  587.0 |
               +--------+--------+--------+--------+--------+-----+--------+

Top non-repeatable levels by time:
     D:1: 587 daAuts
